AoeStats
← kV0t3

Arabia

506731341Analyzed
3v3 RM · 17d ago on Sep 14, 2026· 29m 10s· 6 players
Game mode
Random Map
Map size
Normal (6 player)
Population
200
Speed
Normal
Resources
Standard
Victory
Conquest
Starting age
Dark Age
Ending age
Imperial Age
RankedLock teamsTeams togetherTeam positionsShared explorationLock speedFull tech treeHidden civsTurbo modeCheats
Victory
Defeat
🇧🇷 Berbers · Brazil
1504
+11
🇨🇴 Persians · Colombia
1479
+12
🇸🇪 Turks · Sweden
1439
+14
🇦🇷 Bulgarians · Argentina
1420
-13
🇦🇷 Cumans · Argentina
1392
-12
🇦🇷 Mongols · Argentina
1384
-12
MZTK | KaLiuM
7:34 Loom
9:49 Feudal Age
18:52 Castle Age
17:06 Double-Bit Axe
17:25 Horse Collar
17:56 Gold Mining
18:39 Bloodlines
20:10 Husbandry
21:07 Scale Barding Armor
22:50 Town Watch
24:30 Chain Barding Armor
25:55 Bow Saw
27:00 Wheelbarrow
28:35 Forging
Jardel
7:54 Loom
10:03 Feudal Age
11:05 Double-Bit Axe
22:47 Castle Age
22:13 Fletching
23:33 Bodkin Arrow
25:24 Padded Archer Armor
26:45 Leather Archer Armor
27:28 Husbandry
28:22 Bloodlines
29:12 Ballistics
Perseu
5:49 Loom
8:38 Feudal Age
10:57 Double-Bit Axe
14:16 Fletching
17:26 Horse Collar
23:11 Castle Age
22:50 Padded Archer Armor
23:49 Bodkin Arrow
23:16 Crossbowman
25:47 Ballistics
29:18 Heavy Plow
AlleN ★
6:43 Loom
9:06 Feudal Age
11:19 Double-Bit Axe
16:57 Fletching
25:11 Padded Archer Armor
29:32 Wheelbarrow
ZIZOU
6:47 Loom
9:28 Feudal Age
13:33 Scale Barding Armor
19:35 Wheelbarrow
20:43 Bloodlines
23:43 Castle Age
25:05 Husbandry
25:40 Forging
26:47 Stirrups
kV0t3
0:25 Loom
9:42 Feudal Age
14:19 Double-Bit Axe
21:19 Castle Age
19:40 Fletching
19:50 Padded Archer Armor
21:32 Gold Mining
21:22 Horse Collar
21:41 Horse Collar
21:27 Crossbowman
22:03 Bodkin Arrow
22:09 Town Watch
25:10 Wheelbarrow
24:47 Bow Saw
26:22 Ballistics
26:38 Leather Archer Armor
29:09 Gold Shaft Mining
Connection lost

Rejoining the realm…

Still unreachable

The connection could not be restored.

Session expired

The server has moved on; the page needs a fresh start.